 Dungeon Crawl Stone Soup version 0.31.0-12-g77e489cdc1 (webtiles) character file.

Game seed: 2826288502454725192

16 Gadfly the Magician (level 2, 0/22 HPs)
             Began as a Djinni Summoner on Feb 13, 2024.
             Slain by a goblin
             ... wielding a +0 club
              (3 damage)
             ... on level 1 of the Dungeon.
             The game lasted 00:01:31 (523 turns).

Gadfly the Magician (Djinni Summoner)                Turns: 523, Time: 00:01:32

Health: 0/22       AC:  2    Str:  7    XL:     2   Next: 70%
Gold:   19         EV: 12    Int: 16    God:
                   SH:  0    Dex: 13

rFire   + + .        b - +0 long sword
rCold   x . .        (no shield)
rNeg    . . .        a - +0 robe
rPois   ∞            (no helmet)
rElec   .            (no cloak)
rCorr   .            (no gloves)
SInv    .            (boots unavailable)
Will    .....        (no amulet)
Stlth   ++           (no ring)
HPRegen 0.23/turn    (no ring)
MPRegen 0.00/turn

%: infuse magic (-1 HP)
@: mighty, flying
A: sickness immunity, fire resistance 2, cold vulnerability 1, float, innate
caster, HP casting, extra vitality 1
a: no special abilities


You were on level 1 of the Dungeon.
You visited 1 branch of the dungeon, and saw 1 of its levels.

You collected 19 gold pieces.

Inventory:

Hand Weapons
 b - a +0 long sword (weapon)
Armour
 a - a +0 robe (worn)
Scrolls
 c - a scroll of fear {unknown}


   Skills:
 + Level 0.4 Fighting
 * Level 2.5 Dodging
 - Level 1.5 Stealth
 * Level 3.6 Spellcasting
 * Level 3.6 Conjurations
 * Level 3.6 Hexes
   Level 0.0 Charms
 * Level 3.6 Summonings
 * Level 3.6 Necromancy
 * Level 3.6 Translocations
   Level 0.0 Transmutations
 * Level 3.6 Fire Magic
 * Level 3.6 Ice Magic
 * Level 3.6 Air Magic
 * Level 3.6 Earth Magic
 * Level 3.6 Alchemy
 * Level 0.8 Evocations


You knew the following spells:

 Your Spells              Type           Power      Damage    Failure   Level
a - Summon Small Mammal   Summ           56%        N/A       4%          1
b - Call Imp              Summ           28%        N/A       6%          2
c - Call Canine Familiar  Summ           14%        N/A       12%         3
d - Summon Blazeheart Go  Fire/Summ      14%        N/A       36%         4
e - Summon Lightning Spi  Summ/Air       14%        N/A       36%         4
Your spell library was empty.

Dungeon Overview and Level Annotations

Branches:
Dungeon (1/15)

Altars:


Innate Abilities, Weirdness & Mutations

You are immune to sickness and miasma.
You are immune to poison.
Your flesh is very heat resistant. (rF++)
You are vulnerable to cold. (rC-)
You float through the air rather than walking.
You learn spells naturally, not from books.
Your magical power is your life essence.
You have superior vitality. (+4 MHP)


Message History

You are too injured to fight recklessly!
You are too injured to fight recklessly!
You are too injured to fight recklessly!
You are too injured to fight recklessly!
You are too injured to fight recklessly!
You are too injured to fight recklessly!
You are too injured to fight recklessly!
You are too injured to fight recklessly!
You are too injured to fight recklessly!
You are too injured to fight recklessly!
You are too injured to fight recklessly!
You are too injured to fight recklessly!
You are too injured to fight recklessly!
You are too injured to fight recklessly!
You are too injured to fight recklessly!
Casting: Summon Small Mammal (safe; 4% risk of failure)
Confirm with . or Enter, or press ? or * to list all spells.
Okay, then.
You are too injured to fight recklessly!
You hit the endoplasm but do no damage.
The endoplasm is lightly wounded.
The endoplasm freezes you.
You are frozen.
You feel a terrible chill!
* * * LOW HITPOINT WARNING * * *
You hit the endoplasm.
You kill the endoplasm!
You slash the hobgoblin!
You kill the hobgoblin!
The goblin hits you with a +0 club.
* * * LOW HITPOINT WARNING * * *
Unknown command.
It was a potion of cancellation.
You feel magically purged. The goblin barely misses you.
It was a potion of might.
You feel very mighty all of a sudden. The goblin completely misses you.
You closely miss the goblin. The goblin completely misses you.
You closely miss the goblin. The goblin hits you but does no damage.
The goblin hits you with a +0 club.
You die...

#.# #.# ... #.# #.# #.#
... #.# #w# #.# #.# #.#
#.# #.#
##########.######.
#.######.....†@gw........
#........########.######.
#######..# #.# #.†# ...
#..# [... #..# ......
#..# ...!.## #..# ##...##
#...


You could see a dart slug and a goblin.

Vanquished Creatures
  An endoplasm (D:1)
  A giant cockroach (D:1)
  2 hobgoblins (D:1)
  3 bats (D:1)
  A rat (D:1)
8 creatures vanquished.

Vanquished Creatures (collateral kills)
  2 ball pythons (D:1)
  An endoplasm (D:1)
  A hobgoblin (D:1)
  A kobold (D:1)
  A frilled lizard (D:1)
6 creatures vanquished.

Grand Total: 14 creatures vanquished

Notes
Turn   | Place    | Note
-------+----------+-------------------------------------------
     0 | D:1      | Gadfly the Djinni Summoner began the quest for the Orb.
     0 | D:1      | Gadfly set off with the following spells memorised: Summon
                  | Small Mammal, Call Imp, Call Canine Familiar, Summon
                  | Blazeheart Golem, Summon Lightning Spire.
     0 | D:1      | Reached XP level 1. HP: 15/15 MP: 0/0
   267 | D:1      | Reached XP level 2. HP: 21/21 MP: 0/0
   523 | D:1      | Slain by a goblin

Illustrated notes

Levels and vault maps discovered:
D:1:      onia_arrival_mini_maze_b, layout_loops_ring

Action                     || total
---------------------------++-------
  Melee: Unarmed           ||    49
         Punch             ||     1
         Long sword        ||    34
   Cast: Summon Small Mamm ||     8
    Use: Potion            ||     2
   Stab: Sleeping          ||     2
 Armour: Robe              ||    60
  Dodge: Dodged            ||    86
